[Event "Late-Titled-Tuesday-Blitz-November-28-2023"]
[Site "Chess.com"]
[Date "2023.11.28"]
[Round "3"]
[White "Perecke"]
[Black "szefru"]
[Result "1-0"]
[WhiteElo "2499"]
[BlackElo "2331"]
[TimeControl "180+1"]
[EndTime "14:27:53 PST"]
[Termination "Perecke won by resignation"]

1. e4 c5 2. Nf3 Nc6 3. d4 cxd4 4. Nxd4 g6 5. c4 Nf6 6. Nc3 Nxd4 7. Qxd4 Bg7 8. Be2 d6 9. Be3 O-O 10. Qd3 Nd7 11.
Bd4 Bxd4 12. Qxd4 Qb6 13. Qd2 Nf6 14. h4 h5 15. O-O Be6 16. Nd5 Bxd5 17. exd5 Nd7 18. Kh2 Ne5 19. f4 Nd7 20. Rae1 Nf6 21. f5 Kg7 22. fxg6 fxg6 23. Qg5 Qd4 24. Bxh5 Nxh5 25.
Rxe7+ Kg8 26. Qxg6+ Ng7 27. Re4 Qxb2 28. Rxf8+ Rxf8 29. h5 Qf6 30. Qxf6 Rxf6 31. g4 Kf7 32. Kg3 Ne8 33. g5 Rf1 34. Re6 Rg1+ 35. Kf4 Rf1+ 36. Kg4 Rg1+ 37. Kh4 Ng7 38. Rf6+ Ke7 39. h6 Ne8 40.
Rg6 Kd7 41. Re6 Rh1+ 42. Kg4 Rg1+ 43. Kf5 Rf1+ 44. Kg6 Rf2 45. h7 Rh2 46. Rxe8 Kxe8 47. Kg7 Ke7 48. h8=Q Rxh8 49. Kxh8 1-0

[Event "Late-Titled-Tuesday-Blitz-November-28-2023"]
[Site "Chess.com"]
[Date "2023.11.28"]
[Round "3"]
[White "venturov"]
[Black "Mykola-Bortnyk"]
[Result "0-1"]
[WhiteElo "2493"]
[BlackElo "3003"]
[TimeControl "180+1"]
[EndTime "14:27:54 PST"]
[Termination "Mykola-Bortnyk won by checkmate"]

1. Nf3 c5 2. c4 Nc6 3. g3 g6 4. Bg2 Bg7 5. Nc3 d6 6. a3 h5 7. Rb1 a5 8. d3 Nh6 9. Bd2 Nf5 10.
O-O h4 11. Ne1 hxg3 12. hxg3 Bd7 13. Nc2 Nfd4 14. Nxd4 Bxd4 15. e3 Bg7 16. Nd5 Ne5 17. Bc3 e6 18. Nf4 Bc6 19. b4 axb4 20. axb4 Qg5 21. e4 Nf3+ 22. Qxf3 Bxc3 23. b5 Bd7 24. e5 Bxe5 25. Qxb7 Ke7 26. Ne2 Qh6 27. Rfe1 Ra2 28. Bc6 Qh2+ 29. Kf1 Qh3+ 30. Kg1 Rd8 31. Bxd7 Rxd7 32. Qg2 Qh5 33. f4 Bd4+ 34. Nxd4 Rxg2+ 35. Kxg2 cxd4 36. b6 Rb7 37. Rb5 Qh8 38. Ra1 Qb8 39.
Ra6 Kf6 40. Kf3 Qc8 41. g4 Qc6+ 42. Kg3 Qh1 43. g5+ Kg7 44. Ra7 Qe1+ 45. Kg4 Qe2+ 46. Kg3 Qxd3+ 47. Kg4 Qxc4 48. Rxb7 Qxb5 49. Rb8 d3 50. b7 d2 51. f5 d1=Q+ 52. Kh4 Qc4+ 53. Kg3 Qcg4+ 54. Kh2 Qdg1# 0-1

[Event "Late-Titled-Tuesday-Blitz-November-28-2023"]
[Site "Chess.com"]
[Date "2023.11.28"]
[Round "3"]
[White "SaqoChess_Twitch"]
[Black "gabduschew"]
[Result "0-1"]
[WhiteElo "2623"]
[BlackElo "2441"]
[TimeControl "180+1"]
[EndTime "14:27:55 PST"]
[Termination "gabduschew won by checkmate"]

1. d4 g6 2. c4 Bg7 3. Nc3 d6 4. Nf3 Bg4 5. Bf4 c6 6. h3 Bxf3 7. exf3 Qb6 8. Be3 Qxb2 9. Na4 Qa3 10. Qb3 Qxb3 11. axb3 Nd7 12. Ra2 Ngf6 13. Be2 O-O 14. O-O a6 15. f4 d5 16. c5 Ne8 17. b4 Nc7 18. Bg4 e6 19. Rd1 Nb5 20. Be2 Rfb8 21. Rc2 Bf6 22. Nc3 Nxc3 23. Rxc3 Bg7 24. Ra3 Re8 25. Rda1 Rac8 26. g4 Nf6 27. f3 Re7 28. Kf2 Ne8 29. R3a2 Nc7 30. h4 Rce8 31. h5 gxh5 32.
g5 f6 33. gxf6 Bxf6 34. Rh1 h4 35. Raa1 Rg7 36. Bd3 Kf7 37. Rh2 Reg8 38. f5 e5 39. Rah1 exd4 40. Bf4 Nb5 41. Re1 Nc3 42. Re6 Rg1 43.
Rd6 h3 44. Bf1 Bh4+ 45. Bg3 Bxg3+ 46. Kxg1 Bxd6+ 47. Kh1 Bxh2 48. Kxh2 Nd1 49. Bd3 Nf2 50. Bb1 Rg2# 0-1

[Event "Late-Titled-Tuesday-Blitz-November-28-2023"]
[Site "Chess.com"]
[Date "2023.11.28"]
[Round "3"]
[White "ThePeacefulPanda"]
[Black "Arifarsky"]
[Result "1-0"]
[WhiteElo "2540"]
[BlackElo "2731"]
[TimeControl "180+1"]
[EndTime "14:27:58 PST"]
[Termination "ThePeacefulPanda won by resignation"]

1. Nf3 Nf6 2. d4 g6 3. Nc3 d5 4. Bf4 Bg7 5. e3 O-O 6. h4 h5 7.
Be2 c5 8. Nb5 Na6 9. c3 Bg4 10.
Ne5 Bxe2 11. Qxe2 Qc8 12. Nf3 Ne4 13. Nd2 Nxd2 14. Qxd2 Qd7 15. a4 Rac8 16. Nxa7 Ra8 17. Nb5 Rfe8 18. O-O Bf6 19. g3 Qh3 20. Qe2 e5 21.
dxe5 Bxe5 22. Bxe5 Rxe5 23. Qf3 Re4 24. Qg2 Qd7 25.
Rad1 Rae8 26. b3 Qe6 27. c4 dxc4 28. Nd6 cxb3 29. Nxe8 Qxe8 30. Rd6 Rxa4 31. Rfd1 Qe5 32. Qxb7 Ra1 33. Rxa1 Qxa1+ 34. Kg2 Nb4 35. Rd8+ Kg7 36.
Rd7 Qf6 37. Qe4 b2 38. Rd1 Qc3 39. Rb1 Nc2 40. g4 Na3 41. Rd1 b1=Q 42. Rxb1 Nxb1 43. Qxb1 hxg4 44. Qe4 Qf6 45. Qxg4 Qc6+ 46. Kf1 c4 47. Ke1 c3 48. Kd1 Qd6+ 49. Qd4+ Qxd4+ 50. exd4 Kh6 51. d5 Kh5 52. d6 1-0

[Event "Late-Titled-Tuesday-Blitz-November-28-2023"]
[Site "Chess.com"]
[Date "2023.11.28"]
[Round "3"]
[White "DamianoLew95"]
[Black "Nick12772"]
[Result "1-0"]
[WhiteElo "2744"]
[BlackElo "2394"]
[TimeControl "180+1"]
[EndTime "14:27:58 PST"]
[Termination "DamianoLew95 won by resignation"]

1. e4 e6 2. Nf3 d5 3. exd5 exd5 4. d4 Bd6 5. c4 Nf6 6. Nc3 O-O 7. h3 Bf5 8. Be3 c6 9. Qb3 b6 10. cxd5 cxd5 11.
Be2 Nc6 12. a3 Na5 13. Qa2 Nc4 14. O-O Nxe3 15. fxe3 Bg6 16. Ne5 Bc7 17. Nxg6 hxg6 18. Bf3 Qd6 19. Nxd5 Nxd5 20. Qxd5 Qh2+ 21. Kf2 Qg3+ 22.
Ke2 Rad8 23. Qb3 Rfe8 24. Kd2 Bf4 25. exf4 Qxf4+ 26. Kc2 Qf5+ 27. Qd3 Rc8+ 28. Kd2 Qf4+ 29. Kd1 Re3 30. Qd2 Rd8 31. d5 Qe5 32. Rc1 Re8 33.
Rc3 Rxc3 34. bxc3 Qd6 35. Qb2 Rc8 36. Kc2 Qf4 37. Rd1 Qf5+ 38. Kc1 Qf4+ 39. Kb1 Qf5+ 40. Ka1 Qf6 41. Rd3 Qd6 42. Ka2 Rc5 43. Qb4 a5 44.
Qe4 b5 45. Rd4 b4 46. Qe8+ Qf8 47. Qxf8+ Kxf8 48. cxb4 axb4 49. axb4 Rc7 50. Kb3 Rc8 51. d6 Rd8 52. d7 Ke7 53. b5 Rxd7 54. Rxd7+ Kxd7 55. Kc4 Kc7 56. Kc5 f6 57. b6+ Kb8 58. Kd6 g5 59.
Ke6 1-0

[Event "Late-Titled-Tuesday-Blitz-November-28-2023"]
[Site "Chess.com"]
[Date "2023.11.28"]
[Round "3"]
[White "LaGuayabaAlbizuista"]
[Black "Good_Knight_Kiss"]
[Result "1-0"]
[WhiteElo "1977"]
[BlackElo "2309"]
[TimeControl "180+1"]
[EndTime "14:27:58 PST"]
[Termination "LaGuayabaAlbizuista won on time"]

1. e4 c5 2. Nf3 d6 3. d4 cxd4 4. Nxd4 Nf6 5. Nc3 a6 6. Be3 e5 7. Nb3 Be6 8. f3 Be7 9. Qd2 O-O 10.
O-O-O Nbd7 11. g4 b5 12. g5 b4 13. Ne2 Ne8 14. h4 a5 15. Kb1 Nc7 16. f4 a4 17.
Nbc1 exf4 18. Nxf4 Ne5 19. Nd5 Nxd5 20. exd5 Bg4 21.
Be2 Bxe2 22. Qxe2 Qc7 23. Nd3 Nxd3 24. Qxd3 Rac8 25. h5 Qc4 26. Qxc4 Rxc4 27. Rd4 Rfc8 28. Rxc4 Rxc4 29. b3 axb3 30. axb3 Re4 31. Bc1 Re5 32. Bb2 Rxd5 33. h6 Bxg5 34. Bxg7 f6 35. Rg1 Kf7 36.
Re1 Re5 37. Rd1 Ke6 38. Bf8 Rd5 39. Re1+ Re5 40. Rd1 Rd5 41. Re1+ Kf7 42. Bg7 Kg6 43. Re6 Bf4 44. Rxf6+ Kg5 45. Re6 Kh5 46. Re4 Be5 47. Bxe5 1-0

[Event "Late-Titled-Tuesday-Blitz-November-28-2023"]
[Site "Chess.com"]
[Date "2023.11.28"]
[Round "3"]
[White "becemix"]
[Black "Mikhail_Golubev"]
[Result "1-0"]
[WhiteElo "2391"]
[BlackElo "2583"]
[TimeControl "180+1"]
[EndTime "14:28:00 PST"]
[Termination "becemix won on time"]

1. e4 c5 2. d4 cxd4 3. c3 dxc3 4.
Nxc3 Nc6 5. Nf3 d6 6. Bc4 a6 7.
O-O Nf6 8. Bg5 Bg4 9. Qb3 e6 10.
Qxb7 Na5 11. Qb4 Bxf3 12. Qa4+ Ke7 13. gxf3 Nxc4 14. Qxc4 h6 15. Bh4 g5 16. Bg3 Nh5 17.
Rfd1 Nxg3 18. hxg3 Bg7 19. Rac1 Re8 20. b3 Kf8 21. Ne2 Kg8 22. Qd3 Qa5 23. Rc2 Rad8 24. f4 gxf4 25. Nxf4 Qg5 26. Kg2 Be5 27. Nh3 Qg6 28. Rc6 d5 29. exd5 Qxd3 30. Rxd3 Rxd5 31. Rxd5 exd5 32. Rxa6 d4 33. Nf4 Bxf4 34. gxf4 Rd8 35. Rc6 d3 36. Rc1 Kg7 37. Rd1 h5 38. a4 Kf6 39. a5 Kf5 40. Kf3 Rd4 41. a6 Rxf4+ 42. Kg3 Rg4+ 43. Kh3 Rg6 44. Rxd3 Rxa6 45. Rd5+ Kg6 46.
Rb5 Rf6 47. Kg3 Rd6 48. f3 f6 49. b4 Rd4 50. Rb8 Rc4 51. b5 Rb4 52. b6 Kg7 53.
f4 Kf7 54. Kf3 Kg7 55. Ke3 1-0

[Event "Late-Titled-Tuesday-Blitz-November-28-2023"]
[Site "Chess.com"]
[Date "2023.11.28"]
[Round "3"]
[White "NikolasTheiss"]
[Black "Abduzhaparov"]
[Result "0-1"]
[WhiteElo "2545"]
[BlackElo "2409"]
[TimeControl "180+1"]
[EndTime "14:28:01 PST"]
[Termination "Abduzhaparov won by resignation"]

1. e4 d6 2. d4 Nf6 3. Nc3 e5 4. Nf3 Nbd7 5. h3 Be7 6. g4 c6 7. a4 a5 8. Bc4 O-O 9. Be3 exd4 10. Nxd4 Ne5 11. Be2 Ng6 12. Nf5 d5 13. Nxe7+ Qxe7 14. exd5 Nxd5 15. Nxd5 cxd5 16. Qxd5 Qb4+ 17. Kf1 Qxb2 18.
Qa2 Qe5 19. Rb1 Be6 20. Qb2 Qe4 21. Rg1 Bd5 22. Qd4 Rac8 23. Qxe4 Bxe4 24. Rb5 Rxc2 25.
Rxa5 Rfc8 26. f3 Bc6 27. Kf2 Ra2 28. Rb1 Nh4 29. Bd4 Nxf3 30. Rb2 Rxb2 31. Bxb2 Nd2 32.
Be5 f6 33. Bg3 Ne4+ 34. Kf3 Nxg3+ 35. Kxg3 Re8 36. Bb5 Re3+ 37. Kf2 Rxh3 38. Bxc6 bxc6 39. Ra8+ Kf7 40. Rc8 Ra3 41. Rc7+ Kg6 42. Ra7 c5 43. a5 c4 44. a6 c3 45. Rc7 Ra2+ 46. Kg3 Rxa6 47.
Rxc3 Ra4 48. Rf3 h6 49. Rf5 Ra3+ 50. Kh4 Re3 51. Rh5 Re5 52. Rxe5 fxe5 53. Kg3 Kg5 54. Kf3 h5 55. gxh5 Kxh5 56. Ke4 Kh4 57. Kxe5 g5 58. Ke4 g4 59. Ke3 Kh3 60. Kf2 Kh2 61. Kf1 g3 62.
Ke2 g2 63. Kf3 g1=Q 0-1

[Event "Late-Titled-Tuesday-Blitz-November-28-2023"]
[Site "Chess.com"]
[Date "2023.11.28"]
[Round "3"]
[White "colegiodemadrid"]
[Black "MetiForce"]
[Result "0-1"]
[WhiteElo "2490"]
[BlackElo "2917"]
[TimeControl "180+1"]
[EndTime "14:28:03 PST"]
[Termination "MetiForce won on time"]

1. d4 f5 2. Nf3 Nf6 3. e3 g6 4. Be2 d6 5. O-O Bg7 6. c4 a5 7.
Nc3 O-O 8. b3 c6 9. Bb2 Kh8 10.
Re1 Qc7 11. d5 e5 12. dxe6 Bxe6 13. Qd2 Na6 14. Rad1 Rad8 15. h3 Nc5 16. Qc2 Bg8 17. a3 Nfe4 18. b4 Nxc3 19. Bxc3 axb4 20. axb4 Ne4 21.
Bxg7+ Qxg7 22. Bd3 Nf6 23. b5 Ra8 24. Bf1 Ne4 25. bxc6 bxc6 26. Nd4 Rfc8 27. Be2 Ra3 28. Nb3 Rb8 29. Rb1 Nc3 30. Rb2 Na4 31. Rbb1 Nc3 32. Rb2 c5 33. Bf1 Na4 34. Rbb1 Qc3 35. Na1 Ra8 36. Qd1 Qe5 37. Nc2 Nc3 38. Qf3 Nxb1 39. Nxa3 Rxa3 40. Rxb1 d5 41. cxd5 Bxd5 42. Qe2 c4 43.
Rc1 Bf7 44. Qc2 c3 45. Qd3 Kg7 46. f4 Qc5 47. Kh1 h5 48. e4 fxe4 49. Qxe4 h4 50. Bd3 Ra2 51. Rf1 Qd5 52. f5 Rd2 53. f6+ Kg8 0-1

[Event "Late-Titled-Tuesday-Blitz-November-28-2023"]
[Site "Chess.com"]
[Date "2023.11.28"]
[Round "3"]
[White "szachmistrz2500"]
[Black "Chemim21"]
[Result "1-0"]
[WhiteElo "2465"]
[BlackElo "2212"]
[TimeControl "180+1"]
[EndTime "14:28:04 PST"]
[Termination "szachmistrz2500 won on time"]

1. Nf3 d5 2. g3 c6 3. Bg2 Bf5 4. O-O e6 5. d3 h6 6. Nbd2 Nf6 7. Qe1 Bc5 8. e4 Bh7 9. b3 Nbd7 10. Bb2 O-O 11.
Ne5 Nxe5 12. Bxe5 Nd7 13. Bb2 a5 14. a3 b5 15. Qe2 Re8 16. Kh1 Qc7 17. f4 f5 18. e5 Bf8 19. Bf3 Rac8 20. h3 c5 21. g4 fxg4 22. hxg4 Qd8 23. Rf2 c4 24. dxc4 bxc4 25.
bxc4 dxc4 26. Nxc4 Qc7 27. Ne3 Nb6 28. Bd4 Nc4 29.
Nxc4 Qxc4 30. Qxc4 Rxc4 31. c3 Bc5 32. Rd2 Bxd4 33.
cxd4 Rd8 34. Rad1 Rc3 35. Kg2 Rxa3 36. d5 exd5 37. Bxd5+ Kf8 38. f5 h5 39. Bf3 Rxd2+ 40.
Rxd2 hxg4 41. Bxg4 Ke7 42. f6+ gxf6 43. Rd7+ Kf8 44. exf6 Be4+ 45. Kh2 Rd3 46. Ra7 Rd2+ 47. Kg3 Bd5 48. Bh5 Rd3+ 49. Kf4 a4 50. Rxa4 Bc6 51.
Rc4 Rd6 52. Ke5 Rd5+ 53. Ke6 Rxh5 54. Rxc6 Kg8 55. Rc8+ Kh7 56. f7 1-0

[Event "Late-Titled-Tuesday-Blitz-November-28-2023"]
[Site "Chess.com"]
[Date "2023.11.28"]
[Round "3"]
[White "PawnEatingZombie"]
[Black "kleber2007"]
[Result "0-1"]
[WhiteElo "2171"]
[BlackElo "2389"]
[TimeControl "180+1"]
[EndTime "14:28:04 PST"]
[Termination "kleber2007 won on time"]

1. e4 c6 2. Nf3 d5 3. exd5 cxd5 4. Ne5 Nf6 5. d4 g6 6. Bd3 Bg7 7. O-O O-O 8. c3 Nc6 9. f4 Bf5 10. Bxf5 gxf5 11. Nd2 e6 12. Ndf3 Ne4 13. Be3 f6 14. Nd3 Re8 15. Bf2 b6 16. Bh4 Qd7 17. Kh1 Kh8 18.
Qe2 Bf8 19. Rg1 Bd6 20. g4 fxg4 21. Rxg4 Rg8 22. Rag1 Qf7 23. Rxg8+ Rxg8 24. Rxg8+ Kxg8 25. Nd2 f5 26. Nf3 Qg6 27. Nfe5 Nxe5 28. fxe5 Bf8 29.
Nf4 Qh6 30. Qg2+ Kf7 31. Bg3 Be7 32. Qh3 Bg5 33. Qxh6 Bxh6 34. Kg2 Bxf4 35. Bxf4 b5 36. Kf3 Kg6 37. Ke2 Kh5 38. Kf3 a6 39. h3 Kh4 40.
Kg2 Kh5 41. Bg3 Nd2 42. Bf4 Nc4 43. b3 Nb6 44. Kf3 Kh4 45. Kg2 Nd7 46. Be3 Nf8 47. Bf2+ Kg5 48. Kf3 Ng6 49. Bg3 f4 50. Bf2 Kf5 51.
Bg1 Nh4+ 52. Kf2 Ke4 53. Ke2 Nf5 54. Bf2 a5 55. a3 a4 56. bxa4 bxa4 57. Kd2 Kf3 58.
Be1 Ne3 59. Kd3 Nc4 0-1

[Event "Late-Titled-Tuesday-Blitz-November-28-2023"]
[Site "Chess.com"]
[Date "2023.11.28"]
[Round "3"]
[White "Lukianoo"]
[Black "StellarChessPro"]
[Result "1-0"]
[WhiteElo "2831"]
[BlackElo "2522"]
[TimeControl "180+1"]
[EndTime "14:28:05 PST"]
[Termination "Lukianoo won by checkmate"]

1. e4 g6 2. d4 Bg7 3. Nc3 d6 4. Be2 Nd7 5. Be3 e5 6. Qd2 Ne7 7. O-O-O h5 8. Nf3 Nc6 9. Nd5 Nb6 10. dxe5 Nxe5 11. Nxe5 Bxe5 12. Bg5 f6 13. Be3 Nxd5 14.
Qxd5 f5 15. f4 Bg7 16. e5 Qe7 17. Bc4 Bd7 18. Qxb7 Rd8 19. Qxa7 Be6 20. exd6 Rxd6 21. Bc5 Bxc4 22. Bxd6 cxd6 23. Rhe1 Be6 24. Qb6 Kf7 25. Rxd6 Re8 26. Rdxe6 Qxe6 27. Rxe6 Rxe6 28. Qb7+ Re7 29. Qd5+ Kf8 30. c3 h4 31. h3 Bh6 32. Qd6 Kf7 33.
a4 Re4 34. Kb1 Bxf4 35. Qd5+ Kf6 36. a5 Bg3 37. a6 Bf2 38. Qd8+ Ke5 39. a7 Bxa7 40.
Qc7+ Kf6 41. Qxa7 Kg5 42. Qb6 Re2 43. Qc6 Re1+ 44. Ka2 Rf1 45. b4 Rf2+ 46. Kb3 Kf4 47. b5 Rf1 48. b6 Kg3 49. Qxg6+ Kh2 50. Kc4 f4 51. b7 f3 52. gxf3 Rb1 53. Qc6 Rc1 54.
b8=Q+ Kg2 55. f4+ Kxh3 56. Qf3+ Kh2 57. f5+ Kg1 58. Qg8+ Kh2 59. Qgg2# 1-0

[Event "Late-Titled-Tuesday-Blitz-November-28-2023"]
[Site "Chess.com"]
[Date "2023.11.28"]
[Round "3"]
[White "YellowJacek"]
[Black "Alimpic"]
[Result "0-1"]
[WhiteElo "2349"]
[BlackElo "2513"]
[TimeControl "180+1"]
[EndTime "14:28:09 PST"]
[Termination "Alimpic won by resignation"]

1. e4 g6 2. d4 c6 3. Nf3 d5 4. exd5 cxd5 5. c3 Nc6 6. Bd3 Bf5 7. Bxf5 gxf5 8. O-O Nf6 9. Bf4 e6 10. Ne5 Bd6 11.
Qe2 Qc7 12. Nd2 Ne4 13. Nxe4 fxe4 14. f3 Nxe5 15. Bxe5 Bxe5 16. dxe5 Qxe5 17. Qb5+ Kf8 18. fxe4 Re8 19. exd5 Qxd5 20. Qxd5 exd5 21. Rad1 Re5 22. Rf2 Ke7 23. Rfd2 Ke6 24. c4 dxc4 25. Rd6+ Kf5 26.
Rd7 Rb5 27. Rxf7+ Kg6 28. Rf2 Re8 29. h3 h5 30. Rd4 Re1+ 31. Kh2 Rb1 32. Rxc4 R1xb2 33. Rxb2 Rxb2 34. a4 Ra2 35. Kg3 Kg5 36. Rc5+ Kg6 37.
a5 Ra4 38. Rb5 Kh6 39. Rxb7 Rxa5 40. Rc7 Ra4 41. Kf3 h4 42. Rc5 Kg6 43. Kf2 Kf6 44.
Kf3 Ke6 45. Rg5 a5 46. Rg6+ Kd5 47. g4 hxg3 48. Kxg3 Ra1 49. h4 Rg1+ 50. Kf4 Rxg6 51. h5 Rg8 52. Kf5 a4 53. h6 Ra8 54. h7 a3 55. Kg6 a2 56. Kg7 a1=Q+ 0-1

[Event "Late-Titled-Tuesday-Blitz-November-28-2023"]
[Site "Chess.com"]
[Date "2023.11.28"]
[Round "3"]
[White "nitpicker"]
[Black "Statham_l3"]
[Result "0-1"]
[WhiteElo "2321"]
[BlackElo "2556"]
[TimeControl "180+1"]
[EndTime "14:28:11 PST"]
[Termination "Statham_l3 won on time"]

1. d4 e6 2. c4 f5 3. Nf3 Nf6 4.
Qc2 b6 5. g3 Bb7 6. Bg2 Bb4+ 7.
Bd2 a5 8. O-O O-O 9. Qb3 Qe7 10.
Bxb4 axb4 11. a3 Nc6 12. Nbd2 Ne4 13. e3 bxa3 14. bxa3 Na5 15. Qc2 Nxd2 16. Nxd2 Bxg2 17. Kxg2 e5 18. c5 Qe6 19. Nf3 e4 20. Nd2 b5 21.
Rac1 c6 22. Rfe1 Qd5 23. f3 exf3+ 24. Nxf3 Rae8 25. Kf2 Nc4 26. Qb3 h6 27. Re2 g5 28.
Nd2 Nxd2 29. Qxd5+ cxd5 30. Rxd2 f4 31. exf4 gxf4 32.
Rb1 fxg3+ 33. Kxg3 Re3+ 34. Kg2 Rxa3 35. Rxb5 Rf4 36.
Rb7 Rg4+ 37. Kf2 Rg7 38. Re2 Rf7+ 39. Ke1 Ra1+ 40. Kd2 Ra2+ 41. Kd3 Rf3+ 42. Re3 Ra3+ 43. Kd2 Rfxe3 44. Rxd7 Rh3 45. Kc2 Rxh2+ 46. Kb1 Rb3+ 47. Kc1 Rg3 0-1

[Event "Late-Titled-Tuesday-Blitz-November-28-2023"]
[Site "Chess.com"]
[Date "2023.11.28"]
[Round "3"]
[White "Alohamora11"]
[Black "Zampronha1971"]
[Result "0-1"]
[WhiteElo "2564"]
[BlackElo "2384"]
[TimeControl "180+1"]
[EndTime "14:28:15 PST"]
[Termination "Zampronha1971 won by resignation"]

1. e4 c5 2. Nf3 e6 3. d4 cxd4 4.
Nxd4 Nc6 5. Nb5 d6 6. Be2 a6 7.
N5c3 Nf6 8. Bg5 Be7 9. Nd2 O-O 10. O-O b5 11. a3 Bb7 12. Nb3 Rc8 13. Kh1 Ne5 14. f3 Nc4 15. Qc1 Qc7 16. Nd1 d5 17.
exd5 Nxd5 18. Bxe7 Qxe7 19. Bxc4 bxc4 20. Nd4 c3 21. bxc3 Nxc3 22. Nxc3 Rxc3 23. Qd2 Rfc8 24. Rab1 Bd5 25. a4 Qa3 26. Ra1 Qc5 27. Rfd1 g6 28. Rab1 Ra3 29. Qg5 Rxa4 30. Ne2 Rb4 31. Rxb4 Qxb4 32.
Ng3 Qc3 33. Nh5 Kh8 34. Nf4 Qxc2 35. Qf6+ Kg8 36. Re1 Qc3 37. Qxc3 Rxc3 38. h4 Ra3 39. Nxd5 exd5 40. Rd1 Ra5 41. Kh2 f5 42. Kg3 Kf7 43. Kf4 Kf6 44. Kg3 h6 45. Rd2 Ke6 46. Re2+ Kd6 47.
Rb2 Ra1 48. Rb6+ Kc5 49. Rxg6 d4 50. Rf6 Kc4 51. Rxf5 d3 52. Rf6 d2 53. Rc6+ Kb5 54. Rd6 d1=Q 55. Rxd1 Rxd1 56. Kf4 a5 57. g4 a4 58. g5 hxg5+ 59. hxg5 a3 60. g6 a2 61. g7 Rg1 0-1

[Event "Late-Titled-Tuesday-Blitz-November-28-2023"]
[Site "Chess.com"]
[Date "2023.11.28"]
[Round "3"]
[White "Mariia89"]
[Black "Kostukov_Alex"]
[Result "1-0"]
[WhiteElo "2165"]
[BlackElo "2369"]
[TimeControl "180+1"]
[EndTime "14:28:16 PST"]
[Termination "Mariia89 won on time"]

1. d4 g6 2. c4 Bg7 3. Nc3 d6 4. e4 e5 5. Nf3 exd4 6. Nxd4 Nc6 7. Be3 Nge7 8. Be2 O-O 9. O-O f5 10. f3 fxe4 11. Nxe4 Nf5 12. Nxf5 Bxf5 13. Nc3 Re8 14. Bf2 Qd7 15. Bd3 Bxd3 16. Qxd3 Ne5 17. Qd5+ Kh8 18. Rad1 b6 19. Ne4 Qf7 20. Qxf7 Nxf7 21. b3 Re6 22. h4 h6 23. Rfe1 Rae8 24. Kh2 Be5+ 25. g3 Kh7 26. Kg2 a5 27. Re2 Bg7 28. Rde1 Kh8 29. Kf1 a4 30. Nxd6 Rxe2 31. Nxf7+ Kg8 32.
Nxh6+ Bxh6 33. Rxe2 Rd8 34. Be3 Bg7 35. Rd2 Re8 36. Kf2 a3 37. Rd7 c5 38. Rd6 Kh7 39. Rxb6 Bb2 40. Ra6 Rd8 41. Bxc5 Rd2+ 42. Ke3 Rg2 43. g4 Bc1+ 44. Ke4 Re2+ 45. Kd5 Rxa2 46. Ra7+ Kg8 47. Ke6 Re2+ 48. Kf6 Bb2+ 49. Kxg6 Re6+ 50.
Kf5 Rf6+ 51. Kg5 Rxf3 52. Bxa3 1-0

[Event "Late-Titled-Tuesday-Blitz-November-28-2023"]
[Site "Chess.com"]
[Date "2023.11.28"]
[Round "3"]
[White "jup1978"]
[Black "ameetghasi100"]
[Result "0-1"]
[WhiteElo "2527"]
[BlackElo "2816"]
[TimeControl "180+1"]
[EndTime "14:28:21 PST"]
[Termination "ameetghasi100 won on time"]

1. d4 g6 2. c4 d6 3. Nf3 Nf6 4.
g3 Bg7 5. Bg2 O-O 6. Nc3 c6 7. O-O Qb6 8. c5 Qd8 9. cxd6 exd6 10.
e4 Bg4 11. h3 Bxf3 12. Qxf3 Re8 13. Re1 Nbd7 14. Bg5 Qb6 15. e5 dxe5 16. dxe5 Rxe5 17. Rxe5 Nxe5 18. Qe2 Re8 19. Bxf6 Bxf6 20. Re1 Re6 21. Rd1 Kg7 22. Ne4 Qc7 23. Nxf6 Rxf6 24. b3 Re6 25. Qb2 f6 26. Qd4 a6 27. h4 Nf7 28. Qd7 Re7 29. Qxc7 Rxc7 30. f4 Re7 31. Kf2 h5 32. Bh3 Nh6 33. Rd7 Rxd7 34. Bxd7 Nf5 35.
Bc8 Nd6 36. Be6 Kf8 37. Ke3 Ke7 38. Bh3 Nf5+ 39. Kf2 Kd6 40. Bg2 a5 41. Be4 Ne7 42.
Ke3 f5 43. Bf3 Nd5+ 44. Kd4 Nc7 45. a4 Ne6+ 46. Kc4 b6 47. b4 axb4 48. Kxb4 Nd4 49. Bd1 Kd5 50. Kc3 Kc5 51. Kd3 Kd5 52. Kc3 Ke4 53.
Kc4 Ke3 54. a5 bxa5 55. Ba4 Ne2 56. Bxc6 Nxg3 57. Be8 Kxf4 58. Bxg6 Kg4 59. Kd3 a4 0-1

[Event "Late-Titled-Tuesday-Blitz-November-28-2023"]
[Site "Chess.com"]
[Date "2023.11.28"]
[Round "3"]
[White "Haykoooo0o"]
[Black "bazar-wokzal"]
[Result "1/2-1/2"]
[WhiteElo "2422"]
[BlackElo "2628"]
[TimeControl "180+1"]
[EndTime "14:28:24 PST"]
[Termination "Game drawn by agreement"]

1. d4 Nf6 2. Nf3 e6 3. e3 c5 4. Bd3 b6 5. c3 Bb7 6. Nbd2 Be7 7. O-O h6 8. Qe2 g5 9. e4 g4 10. Ne1 h5 11. a3 cxd4 12. cxd4 Nc6 13. Nc2 Qc7 14.
e5 Nd5 15. Ne4 O-O-O 16. Be3 Kb8 17. Rac1 Rdg8 18. b4 f5 19. exf6 Nxf6 20. Nxf6 Bxf6 21. d5 Ne5 22. Bf4 Nf3+ 23. Qxf3 gxf3 24. Bxc7+ Kxc7 25. g3 Kb8 26. dxe6 dxe6 27. Rfe1 h4 28. Rxe6 Bb2 29.
Rb1 Bc3 30. Be4 hxg3 31. fxg3 Bc8 32. Rc6 f2+ 33. Kg2 Be5 34. Re6 Bc7 35. Re7 Bd6 36. Rh7 Rxh7 37. Bxh7 Bb7+ 38. Kxf2 Rh8 39. Bd3 Rxh2+ 40.
Ke3 Bxg3 41. Kd4 Bf2+ 42. Kc3 Bh4 43. Rf1 Rf2 44. Rxf2 Bxf2 45. Bc4 Bh4 46. Kb3 Bf6 47.
Bd3 Bd5+ 48. Bc4 Be4 49. Ne3 Kc7 50. Nd5+ Bxd5 51. Bxd5 Kd6 52. Bc4 Ke5 53. Bf1 Kd4 54.
Ka4 Kc3 55. Kb5 Kb3 56. a4 Bc3 57. Ka6 Kxa4 58. b5 Bd4 59. Kxa7 Kb4 60. Ka6 Kc5 61. Kb7 1/2-1/2

[Event "Late-Titled-Tuesday-Blitz-November-28-2023"]
[Site "Chess.com"]
[Date "2023.11.28"]
[Round "3"]
[White "paulachess"]
[Black "vladoboch"]
[Result "0-1"]
[WhiteElo "2172"]
[BlackElo "2428"]
[TimeControl "180+1"]
[EndTime "14:28:24 PST"]
[Termination "vladoboch won by checkmate"]

1. c4 e5 2. Nc3 Nf6 3. g3 c6 4. d4 exd4 5. Qxd4 d5 6. Bf4 Be7 7. Bg2 O-O 8. cxd5 cxd5 9. Bxb8 Rxb8 10. Nf3 Qa5 11. O-O h6 12. a3 Bf5 13. Rfd1 Rbc8 14. Nxd5 Qxd5 15. Qxd5 Nxd5 16. Rxd5 Be6 17. Rd2 Rfd8 18.
Rxd8+ Bxd8 19. Nd4 Bf6 20. Nxe6 fxe6 21. Rb1 Rc2 22.
e3 b6 23. b3 Kf7 24. Be4 Rc3 25. Bb7 Ke7 26. Ba6 Kd6 27. a4 Kc5 28. b4+ Kd5 29.
Rd1+ Ke4 30. Bb7+ Kf5 31. h3 Rc4 32. g4+ Kg5 33. b5 Rxa4 34. Kg2 Rb4 35. Kg3 Rxb5 36. Be4 h5 37. f4+ Kh6 38. g5+ Bxg5 39. fxg5+ Rxg5+ 40.
Kh2 Re5 41. Rd4 a5 42. Kg2 b5 43. Kf3 Kg5 44. Rd7 Kf6 45. Rb7 a4 46. Ra7 g5 47.
Rh7 h4 48. Rh6+ Ke7 49. Rh7+ Kd6 50. Bd3 Kc5 51. e4 Kd4 52. Rd7+ Kc3 53. Be2 b4 54. Rc7+ Kb2 55. Bd3 a3 56. Rc2+ Kb3 57. Rc1 a2 58. Bc4+ Kb2 59. Bxa2 Kxc1 60. Bb3 Kb2 61. Bc4 Kc3 62. Ba2 b3 63. Bb1 Kb2 64. Bd3 Ra5 65. Ke3 Kc3 66. Bb1 Ra1 67. Bd3 Re1+ 68. Kf2 Kxd3 69. Kxe1 b2 70. Kd1 b1=Q# 0-1

[Event "Late-Titled-Tuesday-Blitz-November-28-2023"]
[Site "Chess.com"]
[Date "2023.11.28"]
[Round "3"]
[White "campochess"]
[Black "The_Straightforward_Rook"]
[Result "0-1"]
[WhiteElo "2211"]
[BlackElo "2462"]
[TimeControl "180+1"]
[EndTime "14:28:26 PST"]
[Termination "The_Straightforward_Rook won by resignation"]

1. e4 c6 2. Nc3 d5 3. Nf3 dxe4 4. Nxe4 Nf6 5. Ng3 h5 6. h4 Bg4 7. Bc4 e6 8. d3 Nbd7 9. Bf4 Be7 10. Qd2 a5 11. a4 Nb6 12. Bb3 Nbd5 13. Ne5 Qb6 14. Nc4 Qb4 15. Qxb4 Bxb4+ 16. c3 Nxf4 17. cxb4 Nxd3+ 18.
Kd2 Nxb4 19. Nd6+ Ke7 20. Nxb7 Rab8 21. Nc5 Rhd8+ 22. Ke1 Nd3+ 23. Nxd3 Rxb3 24. Ne5 Rc8 25. f3 Bf5 26. Nxf5+ exf5 27. Kf2 Rxb2+ 28. Kg3 Nd5 29.
Rhe1 Kf6 30. Nc4 Rc2 31. Nxa5 f4+ 32. Kh2 Ne3 33. Rg1 Rd8 34. Nb3 Rd3 35. Rab1 Ra2 36.
a5 Rc3 37. Kh3 Rcc2 38. a6 Rxa6 39. Nd4 Rd2 40. Nb3 Rf2 41. Nc5 Raa2 42. Ne4+ Ke5 43. Nxf2 Rxf2 44. Rge1 f6 45. Rbc1 Kd5 46. Rg1 c5 47. Ra1 g5 48. hxg5 fxg5 49. Ra8 g4+ 50. fxg4 hxg4+ 51. Kh4 g3 52. Kg5 c4 53. Rd8+ Ke4 54.
Re8+ Kd3 55. Rd8+ Ke2 56. Rc1 Rxg2 57. Kxf4 Rf2+ 58. Kxg3 Rf7 59. Kh4 Rg7 60. Kh5 Rg2 61. Re8 Kd2 62. Rxe3 Kxc1 63. Re4 c3 64. Rc4 c2 65. Kh4 Kd1 66. Rd4+ Rd2 0-1